 Dungeon Crawl Stone Soup version 0.30.1-9-gdf580d7c3d (webtiles) character file.

Game seed: 14803878363964845048

1358 Wiggles the Cleaver (level 8, 0/70 HPs)
             Began as a Minotaur Berserker on Sept 27, 2023.
             Was a Priest of Trog.
             Slain by Duvessa
             ... wielding a +0 short sword
              (14 damage)
             ... on level 5 of the Dungeon.
             The game lasted 00:07:49 (4841 turns).

Wiggles the Cleaver (Minotaur Berserker)            Turns: 4841, Time: 00:07:50

Health: 0/70       AC: 13    Str: 24    XL:     8   Next: 37%
Magic:  0/7        EV: 10    Int:  4    God:    Trog [***...]
Gold:   14         SH:  0    Dex: 10    Spells: 7/7 levels left

rFire   . . .        a - +0 hand axe
rCold   . . .        (no shield)
rNeg    . . .        x - +3 chain mail {rPois}
rPois   +            (helmet restricted)
rElec   .            (no cloak)
rCorr   .            (no gloves)
SInv    .            (no boots)
Will    .....        w - amulet of guardian spirit Stlth
                     (no ring)
HPRegen 0.31/turn    (no ring)
MPRegen 0.10/turn

%: guardian spirit
@: on berserk cooldown, slowed, very slow
A: horns 2, retaliatory headbutt
a: Renounce Religion, Berserk, Trog's Hand


You were on level 5 of the Dungeon.
You worshipped Trog.
Trog was most pleased with you.
You visited 1 branch of the dungeon, and saw 5 of its levels.
You also visited: Sewer.

You collected 249 gold pieces.
You spent 235 gold pieces at shops.

Inventory:

Hand Weapons
 a - a +0 hand axe (weapon)
Armour
 v - +0 fire dragon scales
 x - a +3 chain mail of poison resistance (worn)
Jewellery
 w - an amulet of guardian spirit (around neck)
Wands
 t - a wand of mindburst (10)
 y - a wand of flame (8)
Scrolls
 f - 8 scrolls of identify {unknown}
 g - a scroll of immolation {unknown}
 i - a scroll of noise {unknown}
 j - 5 scrolls of blinking
 l - a scroll of poison {unknown}
 m - 3 scrolls of amnesia {unknown}
 o - a scroll of fear {unknown}
 q - a scroll of summoning {unknown}
 r - 2 scrolls of magic mapping {unknown}
 s - 2 scrolls of teleportation {unknown}
Potions
 b - 5 potions of brilliance {unknown}
 c - 2 potions of attraction {unknown}
 d - a potion of resistance
 e - 2 potions of haste
 h - a potion of mutation {unknown}
 k - 5 potions of curing {unknown}
 n - 2 potions of degeneration {unknown}
 p - a potion of ambrosia {unknown}
 u - a potion of flight {unknown}


   Skills:
 + Level 5.7 Fighting
 + Level 9.2 Axes
 + Level 6.9 Armour
 + Level 3.8 Dodging
 + Level 1.3 Stealth


You had 7 spell levels left.
You didn't know any spells.
Your spell library was empty.

Dungeon Overview and Level Annotations

Branches:
Dungeon (5/15)             Temple (0/1) D:4           Sewer (visited)

Altars:

Shops:
D:1 [

Annotations:
D:3 3 runed translucent doors, WaxSun's ghost, amateur FoCK
D:5 Duvessa


Innate Abilities, Weirdness & Mutations

You have a pair of horns on your head.
You reflexively headbutt those who attack you in melee.


Message History

a +0 dagger; a +0 robe; the elf corpse of Dowan You feel a strong urge to attack something.
Duvessa hits you with a +0 short sword. Duvessa hits you with a +0 short sword!
You feel your anger nearly subside.
You are no longer berserk.
You are exhausted.
You feel yourself slow down. Duvessa barely misses you.
You furiously retaliate!
You headbutt Duvessa! Duvessa attacks as you move away!
Duvessa barely misses you. Duvessa completely misses you.
Duvessa barely misses you. Duvessa hits you with a +0 short sword.
Duvessa hits you but does no damage. x2
You hit Duvessa but do no damage.
Duvessa is moderately wounded.
Duvessa hits you with a +0 short sword! Duvessa closely misses you.
You hit Duvessa.
Duvessa is moderately wounded.
Duvessa hits you but does no damage. Duvessa hits you with a +0 short sword.
You completely miss Duvessa. You punch Duvessa, but do no damage.
Duvessa is moderately wounded.
Duvessa barely misses you. You furiously retaliate!
You headbutt Duvessa. Duvessa completely misses you.
You slash Duvessa!
Duvessa is severely wounded.
Duvessa hits you with a +0 short sword! Duvessa barely misses you.
You furiously retaliate!
You headbutt Duvessa! You barely miss Duvessa. Your headbutt misses Duvessa.
Duvessa is severely wounded.
Duvessa barely misses you. Duvessa hits you with a +0 short sword!
* * * LOW HITPOINT WARNING * * *
You hit Duvessa but do no damage. You headbutt Duvessa!
Duvessa is almost dead.
Duvessa hits you with a +0 short sword.
* * * LOW HITPOINT WARNING * * *
Duvessa hits you with a +0 short sword.
* * * LOW HITPOINT WARNING * * *
You hit Duvessa but do no damage. Your headbutt misses Duvessa.
Duvessa is almost dead.
Duvessa closely misses you. Duvessa hits you with a +0 short sword!
You die...

#.# #.# #.# #.#
#.#
#.#####.######
#.......)....#
##.......###.#
#.####e@# #.#
#..# #.#
#.......#.#
####..#.#.#
...#.#.# ....#
#.# ###### #.#
### #.# #.#
#######<###.###


You could see Duvessa (berserk).

Vanquished Creatures
  Pikel (D:4)
  Sigmund (D:4)
  An ogre (D:5)
  2 bullfrogs (Sewer)
  Dowan (D:5)
  A hound (D:4)
  An orc priest (D:3)
  3 iguanas
  Natasha (thrice) (D:4)
  2 orc wizards (D:4)
  6 adders
  2 worms (D:3)
  2 dart slugs
  13 orcs
  9 ball pythons
  13 bats
  4 endoplasms
  15 giant cockroaches
  10 goblins
  12 hobgoblins
  3 jackals (D:3)
  8 quokkas
  10 frilled lizards
  4 kobolds
  5 rats
132 creatures vanquished.

Notes
Turn   | Place    | Note
-------+----------+-------------------------------------------
     0 | D:1      | Wiggles the Minotaur Berserker began the quest for the Orb.
     0 | D:1      | Reached XP level 1. HP: 19/19 MP: 0/0
    11 | D:1      | You fall into a shaft and drop 1 floor!
   138 | D:2      | Reached skill level 4 in Axes
   138 | D:2      | Reached XP level 2. HP: 27/27 MP: 1/1
   480 | D:1      | Found Agoub's Armour Boutique.
   572 | D:1      | Reached XP level 3. HP: 33/33 MP: 2/2
   724 | D:1      | Reached ** piety under Trog
  1385 | D:3      | Noticed WaxSun's ghost (amateur FoCK)
  1538 | D:3      | Reached XP level 4. HP: 40/41 MP: 3/3
  1657 | D:3      | Reached skill level 5 in Axes
  1827 | D:3      | Found a runed translucent gate.
  1827 | D:3      | Found a runed translucent gate.
  1827 | D:3      | Found a runed translucent gate.
  1843 | D:3      | Found a faded altar of an unknown god.
  2518 | D:4      | Noticed Sigmund
  2530 | D:4      | Killed Sigmund
  2531 | D:4      | Reached skill level 6 in Axes
  2531 | D:4      | Reached XP level 5. HP: 28/47 MP: 4/4
  2531 | D:4      | Reached XP level 6. HP: 32/53 MP: 5/5
  2847 | D:4      | Reached *** piety under Trog
  2935 | D:4      | Noticed Pikel
  2947 | D:4      | Killed Pikel
  2948 | D:4      | Reached skill level 5 in Fighting
  2948 | D:4      | Reached skill level 8 in Axes
  2948 | D:4      | Reached skill level 5 in Armour
  2948 | D:4      | Reached skill level 1 in Stealth
  2948 | D:4      | Reached XP level 7. HP: 14/61 MP: 6/6
  3141 | D:4      | Identified the +3 quarterstaff of Quantum Leap {drain,
                  | Drain Will++}
  3263 | D:4      | Noticed Natasha
  3269 | D:4      | Killed Natasha
  3384 | D:4      | Found a staircase to the Ecumenical Temple.
  3390 | D:4      | Noticed Natasha
  3394 | D:4      | Killed Natasha
  3645 | D:5      | Entered Level 5 of the Dungeon
  3725 | D:5      | Found a glowing drain.
  3754 | D:5      | Reached XP level 8. HP: 54/69 MP: 7/7
  3872 | Sewer    | Entered a sewer
  4040 | Sewer    | Reached skill level 9 in Axes
  4670 | D:1      | Bought a +3 chain mail of poison resistance for 235 gold
                  | pieces
  4757 | D:4      | Noticed Natasha
  4765 | D:4      | Killed Natasha
  4821 | D:5      | Noticed Dowan
  4822 | D:5      | Noticed Duvessa
  4827 | D:5      | Killed Dowan
  4841 | D:5      | Slain by Duvessa

Illustrated notes

Levels and vault maps discovered:
D:1:      wander_arrival_abandoned_jail, layout_basic, serial_shops, shop,
          chequers_serial_rivers_micro_d
D:2:      layout_loops_ring
D:3:      layout_basic, gammafunk_ghost_icy, ebering_ecumenical_altar_webs,
          guppyfry_early_orc_mine
D:4:      layout_loops_corners, minmay_temple_entry_statues, uniq_pikel,
          uniq_natasha, uniq_sigmund
D:5:      layout_basic, grunt_temple_overflow_octagram,
          mainiacjoe_overflow_catwalk, gup_sewer_entry_glass, uniq_duvessa

Skill      XL: |  1  2  3  4  5  6  7  8 |
---------------+-------------------------+-----
Axes           | 4 6 8 9 |  9.2
Fighting       | 4 5 |  5.7
Armour         | 3 4 5 6 |  6.9
Dodging        | 3 |  3.8
Stealth        | 1 |  1.3

Action                     |  1- 3 |  4- 6 |  7- 9 || total
---------------------------+-------+-------+-------++-------
  Melee: Hand axe          |    94 |    80 |   130 ||   304
         Headbutt          |     9 |    16 |    19 ||    44
         Punch             |     1 |     1 |     1 ||     3
 Invoke: Berserk           |     3 |     2 |     3 ||     8
 Armour: Animal skin       |     2 |       |       ||     2
         Ring mail         |    38 |    18 |     3 ||    59
         Fire dragon scale |       |       |    59 ||    59
         Chain mail        |       |       |    11 ||    11
  Dodge: Dodged            |    78 |    25 |    98 ||   201
